 Dungeon Crawl Stone Soup version 0.26-a0-542-gbaa144ba5c (webtiles) character file.

Game seed: 16521992778279797124

84 BeastOfSaturn the Skirmisher (level 4, -4/36 HPs)
             Began as a Demonspawn Fighter on Aug 17, 2020.
             Slain by Grinder (6 damage)
             ... on level 3 of the Dungeon.
             The game lasted 00:02:56 (1843 turns).

BeastOfSaturn the Skirmisher (Demonspawn Fighter)   Turns: 1843, Time: 00:02:56

Health: -4/36      AC:  6    Str: 14 (16) XL:     4   Next: 24%
Magic:  4/4        EV:  7    Int:  8 (11) God:
Gold:   126        SH:  8    Dex: 10 (12) Spells: 3/3 levels left

rFire    + . .     SeeInvis .   a - +0 long sword
rCold    . . .     Faith    .   c - +0 kite shield
rNeg     . . .     Spirit   .   b - +0 scale mail
rPois    .         Reflect  .   (no helmet)
rElec    .         Harm     .   (no cloak)
rCorr    .                      (no gloves)
MR       +....                  (no boots)
Stlth    ..........             (no amulet)
HPRegen  0.12/turn              n - ring of protection from magic
MPRegen  0.09/turn              (no ring)

@: mighty
A: hooves 1, fire resistance 1
a: no special abilities


You were on level 3 of the Dungeon.
You visited 1 branch of the dungeon, and saw 3 of its levels.

You collected 126 gold pieces.

Inventory:

Hand Weapons
 a - a +0 long sword (weapon)
Armour
 b - a +0 scale mail (worn)
 c - a +0 kite shield (worn)
Jewellery
 j - an uncursed ring of fire
 n - a ring of protection from magic (left hand)
Wands
 q - a wand of flame (5)
Scrolls
 i - 3 scrolls of identify
 k - 2 scrolls of remove curse {unknown}
 m - 2 scrolls of enchant weapon {unknown}
 r - a scroll of random uselessness {unknown}
Potions
 d - a potion of might
 e - a potion of haste
 l - a potion of heal wounds {unknown}
 o - a potion of flight {unknown}
 p - a potion of ambrosia {unknown}


   Skills:
 * Level 3.6 Fighting
 * Level 2.7 Long Blades
 * Level 3.4 Armour
 * Level 1.0 Dodging
 - Level 2.6 Shields


You had 3 spell levels left.
You didn't know any spells.
Your spell library was empty.

Dungeon Overview and Level Annotations

Branches:
Dungeon (3/15)

Altars:

Annotations:
D:3 Grinder


Innate Abilities, Weirdness & Mutations

You have large cloven feet.
Your flesh is heat resistant. (rF+)


Message History

You closely miss the orc. You kick the orc!
You kill the orc!
Grinder gestures at you. You resist with some effort.
You hit Grinder.
Grinder is moderately wounded.
The orc hits you with a +0 mace.
* * * LOW HITPOINT WARNING * * *
Grinder hits you.
* * * LOW HITPOINT WARNING * * *
You writhe in agony.
* * * LOW HITPOINT WARNING * * *
It was a potion of degeneration.
There was something very wrong with that liquid.
You feel weakened.
You feel dopey.
You feel clumsy.
Grinder blinks!
You block the orc's attack.
It was a potion of curing.
You feel better. Grinder hits you!
* * * LOW HITPOINT WARNING * * *
You writhe in agony.
You die...

## # .####.#
#^###.######.......
#.....5@owS.####.?.
#####.#####o.....#
###..##......#..#
.......oo##.....#
.....S.o.# ##...#
.....(...# [###
.........# #
.!......w#
..............)


You could see Grinder, a worm, an adder and 2 orcs.

Vanquished Creatures
  Jessica (D:2)
  2 adders
  A dart slug (D:1)
  An orc (D:3)
  4 bats
  A giant cockroach (D:1)
  5 goblins
  8 hobgoblins
  3 jackals (D:2)
  5 frilled lizards
  5 kobolds
36 creatures vanquished.

Notes
Turn   | Place    | Note
-------+----------+-------------------------------------------
     0 | D:1      | BeastOfSaturn the Demonspawn Fighter began the quest for
                  | the Orb.
     0 | D:1      | Reached XP level 1. HP: 18/18 MP: 1/1
   197 | D:1      | Gained mutation: You have large cloven feet. [demonic
                  | ancestry]
   197 | D:1      | Reached XP level 2. HP: 24/24 MP: 2/2
   955 | D:2      | Gained mutation: Your flesh is heat resistant. (rF+)
                  | [demonic ancestry]
   955 | D:2      | Reached XP level 3. HP: 28/29 MP: 3/3
  1458 | D:2      | Noticed Jessica
  1465 | D:2      | Killed Jessica
  1465 | D:2      | Reached skill level 1 in Dodging
  1465 | D:2      | Reached XP level 4. HP: 22/36 MP: 4/4
  1816 | D:3      | Noticed Grinder
  1817 | D:3      | Paralysed by Grinder for 4 turns
  1843 | D:3      | Slain by Grinder

Illustrated notes

Levels and vault maps discovered:
D:1:      noname_arrival_rooms_in_the_neighbourhood, layout_loops_ring
D:2:      layout_basic, uniq_jessica
D:3:      layout_rooms, grunt_temple_overflow_open, kennysheep_crisscross,
          uniq_grinder

Skill      XL: |  1  2  3 |
---------------+----------+-----
Armour         | 3 |  3.4
Long Blades    | 2 |  2.7
Dodging        | 1 |  1.0
Fighting       | |  3.6
Shields        | |  2.6

Action                   |  1- 3 |  4- 6 || total
-------------------------+-------+-------++-------
Melee: Long sword        |    94 |    12 ||   106
       Kick              |    15 |     5 ||    20
  Use: Potion            |       |     3 ||     3
       Scroll            |       |     2 ||     2
Armor: Scale mail        |    33 |    10 ||    43
Dodge: Dodged            |    28 |     6 ||    34
Block: Kite shield       |    28 |    16 ||    44
       Rpst.: Long sword |    10 |     3 ||    13

Table legend: (Time is in decaauts)
 A = Elapsed time spent in this place.
 B = Non-inter-level travel time spent in this place.
 C = Inter-level travel time spent in this place.
 D = Time resting spent in this place.
 E = Time spent auto-exploring this place.
 F = Levels seen in this place.
 G = Mean time per level.
                   A        B        C        D        E       F      G
               +--------+--------+--------+--------+--------+-----+--------+
         Total |   1881 |   1816 |     65 |      0 |   1549 |   3 |  627.0 |
       Dungeon |   1881 |   1816 |     65 |      0 |   1549 |   3 |  627.0 |
               +--------+--------+--------+--------+--------+-----+--------+

Top non-repeatable levels by time:
     D:2: 1077 daAuts
     D:1: 751 daAuts
     D:3: 52 daAuts
